 Dungeon Crawl Stone Soup version 0.19.3-4-gbf9329e (webtiles) character file.

193 Gargoyl the Skirmisher (level 5, -3/46 HPs)
             Began as a Ghoul Abyssal Knight on Jan 27, 2017.
             Was a Believer of Lugonu.
             Slain by a gnoll
             ... wielding a +2 flail of holy wrath
              (6 damage)
             ... on level 2 of the Dungeon.
             The game lasted 00:05:49 (2276 turns).

Gargoyl the Skirmisher (Ghoul Abyssal Knight)       Turns: 2276, Time: 00:05:49

Health: -3/46      AC: 12    Str: 21    XL:     5   Next: 72%
Magic:  6/6        EV:  8    Int:  7    God:    Lugonu [**....]
Gold:   57         SH:  3    Dex:  9    Spells: 0 memorised, 4 levels left

rFire  . . .     SeeInvis .     f - +0 war axe
rCold  + . .     Gourm    .     h - +0 chain mail
rNeg   + + +     Faith    .     (no shield)
rPois  ∞         Spirit   .     (no helmet)
rElec  .         Reflect  +     (no cloak)
rCorr  .         Harm     .     i - +2 pair of gloves {archery}
MR     +....                    (no boots)
Stlth  ..........               w - +3 amulet of reflection
                                (no ring)
                                k - ring of protection from magic

@: mighty, rotting
A: rotting body, claws 1, carnivore 3, cold resistance 1, negative energy
resistance 3, slow regeneration 1, torment resistance, unbreathing
a: Depart the Abyss, Bend Space, Renounce Religion


You were on level 2 of the Dungeon.
You worshipped Lugonu.
Lugonu was pleased with you.
You were not hungry.

You visited 1 branch of the dungeon, and saw 2 of its levels.
You visited the Abyss 1 time.

You collected 57 gold pieces.

Inventory:

Hand Weapons
 a - a +1 hand axe
 f - a +0 war axe (weapon)
Armour
 h - a +0 chain mail (worn)
 i - a +2 pair of gloves of archery (worn)
Jewellery
 k - a ring of protection from magic (left hand)
 w - a +3 amulet of reflection (around neck)
Wands
 t - a wand of lightning (8/15)
Scrolls
 b - a scroll of recharging {unknown}
 e - 2 scrolls of magic mapping
 j - 2 scrolls of random uselessness {unknown}
 o - a scroll of enchant weapon {unknown}
 p - a scroll of remove curse {unknown}
 q - 2 scrolls of amnesia {unknown}
 r - a scroll of fog {unknown}
Potions
 d - a potion of might
 g - a potion of mutation {unknown}
 l - 2 potions of lignification
 s - a potion of ambrosia {unknown}
 u - a potion of curing {unknown}
Comestibles
 c - a meat ration
 m - a beef jerky
 v - a chunk of flesh


   Skills:
 + Level 4.2 Fighting
 + Level 3.4 Axes
 * Level 3.0 Armour
 + Level 1.1 Dodging
 * Level 2.8 Invocations


You had 4 spell levels left.
You didn't know any spells.

Dungeon Overview and Level Annotations

Branches:
Dungeon (2/15)

Altars:
Nemelex Xobeh


Innate Abilities, Weirdness & Mutations

Your body is rotting away.
You thrive on raw meat.
You are immune to poison.
You have sharp fingernails.
You are carnivorous and can eat meat at any time.
Your flesh is cold resistant. (rC+)
You are immune to negative energy. (rN+++)
You regenerate slowly when monsters are visible.
You are immune to unholy pain and torment.
You can survive without breathing.


Message History

The gnoll hits you with a flail of holy wrath.
You convulse.
You hit the gnoll.
The gnoll is severely wounded.
The gnoll hits you but does no damage.
You closely miss the gnoll.
The gnoll is severely wounded.
The gnoll hits you with a flail of holy wrath.
* * * LOW HITPOINT WARNING * * *
You convulse.
* * * LOW HITPOINT WARNING * * *
The gnoll hits you with a flail of holy wrath.
* * * LOW HITPOINT WARNING * * *
You convulse.
* * * LOW HITPOINT WARNING * * *
It was a potion of lignification.
You feel woody for a moment.
It was a potion of might.
You feel very mighty all of a sudden.
The gnoll hits you with a flail of holy wrath.
You die...

#.# ######### #.# #........
#)# #.######. #####.########.#
#. ### #...........##.######.
##.######.###.(.>..........##.
#..............##...##.###.##.
##.######....g....####.# #.##.
#.# ####.@.#### #.###.##. #.#
##.## #......÷. #.# #.#
#####.### #.# #.# #.# #.#
##'## #.# #.# ##...## ###.###
#.## ##..<..## ##...... ##..##
##.......## ##..#..##
#....####.........####......##


You could see a gnoll.

Vanquished Creatures
  Terence (D:2)
  Ijyb (D:2)
  3 gnolls
  5 adders (D:2)
  2 oozes
  A worm (D:2)
  4 dart slugs (D:1)
  3 ball pythons
  2 giant cockroaches (D:1)
  10 goblins
  3 hobgoblins
  4 jackals (D:2)
  A quokka (D:2)
  6 bats
  5 frilled lizards
  2 kobolds (D:1)
  3 rats (D:1)
56 creatures vanquished.

Notes
Turn   | Place    | Note
-------+----------+-------------------------------------------
     0 | Abyss:1  | Gargoyl the Ghoul Abyssal Knight began the quest for the Orb.
     0 | Abyss:1  | Reached XP level 1. HP: 19/19 MP: 1/1
   135 | Abyss:2  | Noticed a tentacled starspawn
   138 | Abyss:2  | Noticed a tentacled starspawn
   138 | Abyss:2  | Noticed a small abomination
   139 | D:1      | Escaped the Abyss
   263 | D:1      | Reached XP level 2. HP: 26/26 MP: 2/2
   374 | D:1      | Reached * piety under Lugonu
   374 | D:1      | Reached skill level 1 in Dodging
   375 | D:1      | Reached XP level 3. HP: 17/33 MP: 3/3
   524 | D:1      | Found a sparkling altar of Nemelex Xobeh.
  1034 | D:2      | Reached XP level 4. HP: 28/40 MP: 4/4
  1102 | D:2      | Reached skill level 4 in Fighting
  1245 | D:2      | Noticed Ijyb
  1260 | D:2      | Killed Ijyb
  1275 | D:2      | Reached XP level 5. HP: 42/45 MP: 6/6
  1380 | D:2      | Noticed Terence
  1493 | D:2      | Killed Terence
  1544 | D:2      | Reached ** piety under Lugonu
  2276 | D:2      | Slain by a gnoll

Skill      XL: |  1  2  3  4  5 |
---------------+----------------+-----
Armour         | 2 3 |  3.0
Axes           | 2 3 |  3.4
Dodging        | 1 |  1.1
Fighting       | 4 |  4.2
Invocations    | |  2.8

Action                   |  1- 3 |  4- 6 || total
-------------------------+-------+-------++-------
Melee: War axe           |    84 |   152 ||   236
Invok: Depart the Abyss  |     1 |       ||     1
  Use: Scroll            |     1 |     2 ||     3
       Potion            |       |     2 ||     2
  Eat: Chunk             |     8 |    13 ||    21
Armor: Chain mail        |    63 |   140 ||   203
Dodge: Dodged            |    44 |    64 ||   108
Block: Other             |       |     5 ||     5
